ATL
SUGAR LAND SKEETERS @ SOUTHERN MARYLAND BLUE CRABS
06/01/2072
 
TOP OF THE 1ST
Southern Maryland Blue Crabs batting - Pitching for Sugar Land Skeeters : RHP Oscar Castro
Pitching: RHP Oscar Castro
Batting: LHB Eric Siegel 0-0: Ball
1-0: SINGLE (Line Drive, 34, EV 103.1 MPH)
Batting: RHB Bobby Stoots 0-0: Called Strike
0-1: Ball
1-1: Ball
2-1: Fly out, F9 (Flyball, 9LM, EV 88.8 MPH)
Batting: RHB John Shaw 0-0: Ball
1-0: Ball
2-0: Fly out, F8 (Flyball, 89D, EV 84.4 MPH)
Batting: RHB Jesse Norris 0-0: Called Strike
0-1: Foul Ball, location: 2F
0-2: Hit by Pitch
Eric Siegel to second
Batting: LHB Kris Soto 0-0: Ball
1-0: Called Strike
1-1: Ball
2-1: Ball
3-1: Called Strike
3-2: Foul Ball, location: 2F
3-2: Strikes out swinging
Top of the 1st over - 0 runs, 1 hit, 0 errors, 2 left on base; Southern Maryland 0 - Sugar Land 0
BOTTOM OF THE 1ST
Sugar Land Skeeters batting - Pitching for Southern Maryland Blue Crabs : RHP Luis Carbajal
Pitching: RHP Luis Carbajal
Batting: RHB Bernie Rogue 0-0: Ball
1-0: Foul Ball, location: 2F
1-1: Called Strike
1-2: Fly out, F7 (Flyball, 78D, EV 96.9 MPH)
Batting: LHB Travis Magiera 0-0: Ball
1-0: Called Strike
1-1: Foul Ball, location: 2F
1-2: Foul Ball, location: 2F
1-2: Strikes out looking
Batting: RHB John Racey 0-0: Called Strike
0-1: Called Strike
0-2: Ball
1-2: Ball
2-2: Strikes out swinging
Bottom of the 1st over - 0 runs, 0 hits, 0 errors, 0 left on base; Southern Maryland 0 - Sugar Land 0
TOP OF THE 2ND
Southern Maryland Blue Crabs batting - Pitching for Sugar Land Skeeters : RHP Oscar Castro
Batting: RHB Tom Daly 0-0: Ball
1-0: Called Strike
1-1: Ball
2-1: Ground out 5-3 (Groundball, 25, EV 86.2 MPH)
Batting: SHB David Ruiz 0-0: Ball
1-0: Ball
2-0: Called Strike
2-1: Called Strike
2-2: Ball
3-2: DOUBLE (Line Drive, 9LM, EV 104.4 MPH)
Batting: RHB Matt Kirby 0-0: Ball
1-0: Called Strike
1-1: Swinging Strike
1-2: Strikes out looking
Batting: RHB Melvin Palacios 0-0: Swinging Strike
0-1: Ball
Wild Pitch!
David Ruiz to third
1-1: Called Strike
1-2: Strikes out swinging
Top of the 2nd over - 0 runs, 1 hit, 0 errors, 1 left on base; Southern Maryland 0 - Sugar Land 0
BOTTOM OF THE 2ND
Sugar Land Skeeters batting - Pitching for Southern Maryland Blue Crabs : RHP Luis Carbajal
Batting: RHB Tyler McCay 0-0: Called Strike
0-1: Ball
1-1: Called Strike
1-2: Ground out 4-3 (Groundball, 4M, EV 82.5 MPH)
Batting: RHB Brian Hatfield 0-0: Ball
1-0: Ball
2-0: Swinging Strike
2-1: Called Strike
2-2: Ball
3-2: Fly out, F8 (Flyball, 8RS, EV 91.2 MPH)
Batting: RHB Edgar Candelaria 0-0: Foul Ball, location: 2F
0-1: Foul Ball, location: 2F
0-2: Ball
1-2: Strikes out swinging
Bottom of the 2nd over - 0 runs, 0 hits, 0 errors, 0 left on base; Southern Maryland 0 - Sugar Land 0
TOP OF THE 3RD
Southern Maryland Blue Crabs batting - Pitching for Sugar Land Skeeters : RHP Oscar Castro
Batting: LHB Eric Siegel 0-0: Ball
1-0: Ball
2-0: Foul Ball, location: 2F
2-1: Fly out, F4 (Flyball, 4D, EV 88.8 MPH)
Batting: RHB Bobby Stoots 0-0: Ball
1-0: SINGLE (Line Drive, 89M, EV 86.9 MPH)
Batting: RHB John Shaw 0-0: Called Strike
0-1: Foul Ball, location: 2F
0-2: Ball
1-2: Foul Ball, location: 2F
1-2: Ball
2-2: Foul Ball, location: 2F
2-2: Strikes out looking
Batting: RHB Jesse Norris 0-0: Called Strike
0-1: Foul Ball, location: 2F
0-2: Ball
1-2: Strikes out swinging
Top of the 3rd over - 0 runs, 1 hit, 0 errors, 1 left on base; Southern Maryland 0 - Sugar Land 0
BOTTOM OF THE 3RD
Sugar Land Skeeters batting - Pitching for Southern Maryland Blue Crabs : RHP Luis Carbajal
Batting: LHB Scott Beckham 0-0: Swinging Strike
0-1: Foul Ball, location: 2F
0-2: DOUBLE (Line Drive, 8RXD, EV 104.4 MPH)
Batting: RHB Carlos Martinez 0-0: Called Strike
0-1: Called Strike
0-2: Foul Ball, location: 2F
0-2: Strikes out looking
Batting: RHB Mike Gibbs 0-0: Called Strike
0-1: Ball
1-1: Foul Ball, location: 2F
1-2: Strikes out looking
Batting: RHB Bernie Rogue 0-0: Called Strike
0-1: Ball
1-1: Fly out, F8 (Flyball, 89S, EV 89.4 MPH)
Bottom of the 3rd over - 0 runs, 1 hit, 0 errors, 1 left on base; Southern Maryland 0 - Sugar Land 0
TOP OF THE 4TH
Southern Maryland Blue Crabs batting - Pitching for Sugar Land Skeeters : RHP Oscar Castro
Batting: LHB Kris Soto 0-0: Called Strike
0-1: Ball
1-1: Foul Ball, location: 2F
1-2: Fly out, F9 (Flyball, 9LM, EV 78.1 MPH)
Batting: RHB Tom Daly 0-0: Ball
1-0: Swinging Strike
1-1: Swinging Strike
1-2: Fly out, F1 (Popup, 15, EV 80.0 MPH)
Batting: SHB David Ruiz 0-0: Called Strike
0-1: Swinging Strike
0-2: Ball
1-2: Ball
2-2: Foul Ball, location: 2F
2-2: Ball
3-2: SINGLE (Line Drive, 34D, EV 93.8 MPH)
Batting: RHB Matt Kirby 0-0: Ball
1-0: Called Strike
1-1: Called Strike
1-2: Foul Ball, location: 2F
1-2: Ball
2-2: Foul Ball, location: 2F
2-2: SINGLE (Line Drive, 4MD, EV 99.4 MPH)
David Ruiz to second
Runner from 2nd tries for 3rd, SAFE, no throw by CF
Batting: RHB Melvin Palacios 0-0: Called Strike
0-1: SINGLE (Groundball, 56D, EV 108.8 MPH)
David Ruiz scores
Matt Kirby to second
Batting: LHB Eric Siegel 0-0: Ball
1-0: DOUBLE (Line Drive, 7LD, EV 105.0 MPH)
Matt Kirby scores
Melvin Palacios to third
Runner from 3rd tries for Home, SAFE, no throw by LF
Batting: RHB Bobby Stoots 0-0: Ball
1-0: Ball
2-0: Ball
3-0: Base on Balls
Pitching: RHP Jimmy Graziano
Batting: RHB John Shaw 0-0: Called Strike
0-1: Ball
1-1: Ball
2-1: Called Strike
2-2: Ball
3-2: Base on Balls
Eric Siegel to third
Bobby Stoots to second
Batting: RHB Jesse Norris 0-0: Ball
1-0: Ball
2-0: Ball
3-0: Base on Balls
Eric Siegel scores
Bobby Stoots to third
John Shaw to second
Batting: LHB Kris Soto 0-0: Called Strike
0-1: Ball
1-1: Ball
2-1: Ball
3-1: Fly out, F7 (Flyball, 7, EV 89.4 MPH)
Top of the 4th over - 4 runs, 4 hits, 0 errors, 3 left on base; Southern Maryland 4 - Sugar Land 0
BOTTOM OF THE 4TH
Sugar Land Skeeters batting - Pitching for Southern Maryland Blue Crabs : RHP Luis Carbajal
Batting: LHB Travis Magiera 0-0: Ball
1-0: Ground out U3 (Groundball, 34, EV 88.8 MPH)
Batting: RHB John Racey 0-0: Ground out 5-3 (Groundball, 5S, EV 83.8 MPH)
Batting: RHB Tyler McCay 0-0: Called Strike
0-1: Fly out, F2 (Popup, 25F, EV 90.0 MPH)
Bottom of the 4th over - 0 runs, 0 hits, 0 errors, 0 left on base; Southern Maryland 4 - Sugar Land 0
TOP OF THE 5TH
Southern Maryland Blue Crabs batting - Pitching for Sugar Land Skeeters : RHP Jimmy Graziano
Batting: RHB Tom Daly 0-0: Swinging Strike
0-1: Ball
1-1: Foul Ball, location: 2F
1-2: Foul Ball, location: 2F
1-2: Foul Ball, location: 2F
1-2: Foul Ball, location: 2F
1-2: Ball
2-2: Ground out 5-3 (Groundball, 56S, EV 76.9 MPH)
Batting: SHB David Ruiz 0-0: Ball
1-0: Ball
2-0: Called Strike
2-1: Called Strike
2-2: Strikes out looking
Batting: RHB Matt Kirby 0-0: Called Strike
0-1: Ball
1-1: Fly out, F3 (Flyball, 3D, EV 86.2 MPH)
Top of the 5th over - 0 runs, 0 hits, 0 errors, 0 left on base; Southern Maryland 4 - Sugar Land 0
BOTTOM OF THE 5TH
Sugar Land Skeeters batting - Pitching for Southern Maryland Blue Crabs : RHP Luis Carbajal
Batting: RHB Brian Hatfield 0-0: Called Strike
0-1: Foul Ball, location: 2F
0-2: Ball
1-2: Foul Ball, location: 2F
1-2: Strikes out swinging
Batting: RHB Edgar Candelaria 0-0: Called Strike
0-1: Ball
1-1: Foul Ball, location: 2F
1-2: Ball
2-2: Ball
3-2: Foul Ball, location: 2F
3-2: Ground out 4-3 (Groundball, 4, EV 83.8 MPH)
Batting: LHB Scott Beckham 0-0: Swinging Strike
0-1: SINGLE (Line Drive, 3D, EV 100.0 MPH)
Batting: RHB Carlos Martinez 0-0: Ball
1-0: Called Strike
1-1: Called Strike
1-2: Strikes out swinging
Bottom of the 5th over - 0 runs, 1 hit, 0 errors, 1 left on base; Southern Maryland 4 - Sugar Land 0
TOP OF THE 6TH
Southern Maryland Blue Crabs batting - Pitching for Sugar Land Skeeters : RHP Jimmy Graziano
Pitching: RHP Mike Guimond
Batting: RHB Melvin Palacios 0-0: Ball
1-0: Called Strike
1-1: Ball
2-1: Swinging Strike
2-2: Ball
3-2: Strikes out swinging
Batting: LHB Eric Siegel 0-0: Called Strike
0-1: Foul Ball, location: 2F
0-2: Ball
1-2: Ball
2-2: Strikes out looking
Batting: RHB Bobby Stoots 0-0: Ball
1-0: Called Strike
1-1: Ball
2-1: Ball
3-1: Base on Balls
Batting: RHB John Shaw 0-0: Ball
1-0: Ball
2-0: Foul Ball, location: 2F
2-1: Ball
3-1: Foul Ball, location: 2F
3-2: Foul Ball, location: 2F
3-2: Ground out 6-3 (Groundball, 6, EV 86.2 MPH)
Top of the 6th over - 0 runs, 0 hits, 0 errors, 1 left on base; Southern Maryland 4 - Sugar Land 0
BOTTOM OF THE 6TH
Sugar Land Skeeters batting - Pitching for Southern Maryland Blue Crabs : RHP Luis Carbajal
Batting: RHB Mike Gibbs 0-0: Ball
1-0: Called Strike
1-1: Ball
2-1: Ball
3-1: Base on Balls
Batting: RHB Bernie Rogue 0-0: Hit by Pitch
Mike Gibbs to second
Batting: LHB Travis Magiera 0-0: 3-RUN HOME RUN (Flyball, 9D, EV 94.4 MPH), Distance : 403 ft
Batting: RHB John Racey 0-0: Ball
1-0: SINGLE (Flyball, 78S, EV 95.0 MPH)
Batting: RHB Tyler McCay 0-0: Ball
1-0: Fly out, F7 (Flyball, 7D, EV 89.4 MPH)
Batting: RHB Brian Hatfield 0-0: Ball
1-0: Called Strike
1-1: Called Strike
1-2: Strikes out looking
Pitching: LHP David DiScipio
Batting: RHB Edgar Candelaria 0-0: Ball
1-0: Fly out, F8 (Line Drive, 8RM, EV 96.9 MPH)
Bottom of the 6th over - 3 runs, 2 hits, 0 errors, 1 left on base; Southern Maryland 4 - Sugar Land 3
TOP OF THE 7TH
Southern Maryland Blue Crabs batting - Pitching for Sugar Land Skeeters : RHP Mike Guimond
Batting: RHB Jesse Norris 0-0: Hit by Pitch
Pinch Runner at 1st J.D. Miranda:
Batting: LHB Kris Soto 0-0: Ball
J.D. Miranda steals 2nd base
1-0: Foul Ball, location: 2F
1-1: Foul Ball, location: 2F
1-2: Foul Ball, location: 2F
1-2: Strikes out swinging
Batting: RHB Tom Daly 0-0: Called Strike
0-1: Swinging Strike
0-2: Ball
1-2: Strikes out swinging
Batting: SHB David Ruiz 0-0: Ball
1-0: Ball
2-0: Called Strike
2-1: Ball
3-1: Base on Balls
Batting: RHB Matt Kirby 0-0: Called Strike
0-1: Foul Ball, location: 2F
0-2: Ball
1-2: Foul Ball, location: 2F
1-2: Strikes out looking
Top of the 7th over - 0 runs, 0 hits, 0 errors, 2 left on base; Southern Maryland 4 - Sugar Land 3
BOTTOM OF THE 7TH
Sugar Land Skeeters batting - Pitching for Southern Maryland Blue Crabs : LHP David DiScipio
Now at 2B: J.D. Miranda
Batting: LHB Scott Beckham 0-0: Ball
1-0: Foul Ball, location: 2F
1-1: Called Strike
1-2: Foul Ball, location: 2F
1-2: Foul Ball, location: 2F
1-2: Fly out, F7 (Flyball, 78S, EV 92.5 MPH)
Batting: RHB Carlos Martinez 0-0: Ball
1-0: Foul Ball, location: 2F
1-1: Ground out 4-3 (Groundball, 4, EV 103.8 MPH)
Batting: RHB Mike Gibbs 0-0: Called Strike
0-1: Ball
1-1: Called Strike
1-2: Strikes out swinging
Bottom of the 7th over - 0 runs, 0 hits, 0 errors, 0 left on base; Southern Maryland 4 - Sugar Land 3
TOP OF THE 8TH
Southern Maryland Blue Crabs batting - Pitching for Sugar Land Skeeters : RHP Mike Guimond
Pitching: RHP Alex Arellano
Batting: RHB Melvin Palacios 0-0: Ball
1-0: Ball
2-0: Swinging Strike
2-1: Called Strike
2-2: Strikes out swinging
Batting: LHB Eric Siegel 0-0: Swinging Strike
0-1: Ball
1-1: Ball
2-1: Called Strike
2-2: Foul Ball, location: 2F
2-2: Strikes out looking
Batting: RHB Bobby Stoots 0-0: Called Strike
0-1: Ball
1-1: Ball
2-1: Foul Ball, location: 2F
2-2: Fly out, F4 (Popup, 4MD, EV 65.6 MPH)
Top of the 8th over - 0 runs, 0 hits, 0 errors, 0 left on base; Southern Maryland 4 - Sugar Land 3
BOTTOM OF THE 8TH
Sugar Land Skeeters batting - Pitching for Southern Maryland Blue Crabs : LHP David DiScipio
Batting: RHB Bernie Rogue 0-0: SINGLE (Line Drive, 89D, EV 106.2 MPH)
Batting: LHB Travis Magiera 0-0: Ball
1-0: Sac Bunt to 2R - play at first, batter OUT! 2-4
Bernie Rogue to second
Batting: RHB John Racey 0-0: Ball
1-0: Swinging Strike
1-1: Ball
2-1: Called Strike
2-2: Foul Ball, location: 2F
2-2: Fly out, F8 (Flyball, 8LM, EV 80.0 MPH)
Pitching: RHP Omar Green
Batting: RHB Tyler McCay 0-0: Foul Ball, location: 2F
0-1: Ball
1-1: Called Strike
1-2: Ball
2-2: Strikes out looking
Bottom of the 8th over - 0 runs, 1 hit, 0 errors, 1 left on base; Southern Maryland 4 - Sugar Land 3
TOP OF THE 9TH
Southern Maryland Blue Crabs batting - Pitching for Sugar Land Skeeters : RHP Alex Arellano
Batting: RHB John Shaw 0-0: Called Strike
0-1: Called Strike
0-2: Ball
1-2: SINGLE (Groundball, 6MD, EV 111.9 MPH)
Batting: RHB J.D. Miranda 0-0: Foul Ball, location: 2F
0-1: Ball
1-1: Fly out, F7 (Flyball, 78D, EV 100.6 MPH)
Batting: LHB Kris Soto 0-0: Ball
1-0: Foul Ball, location: 2F
1-1: Foul Ball, location: 2F
1-2: Ball
2-2: Foul Ball, location: 2F
2-2: Foul Ball, location: 2F
2-2: Strikes out looking
Batting: RHB Tom Daly 0-0: Ball
1-0: Ball
2-0: Foul Ball, location: 2F
2-1: SINGLE (Groundball, P, EV 86.2 MPH) (infield hit)
John Shaw to second
Batting: SHB David Ruiz 0-0: Foul Ball, location: 2F
0-1: Ball
1-1: Called Strike
1-2: SINGLE (Line Drive, 5D, EV 97.5 MPH)
John Shaw to third
Tom Daly to second
Pitching: RHP Eric Dawson
Batting: RHB Matt Kirby 0-0: Ball
1-0: Fly out, F1 (Line Drive, P, EV 63.8 MPH)
Top of the 9th over - 0 runs, 3 hits, 0 errors, 3 left on base; Southern Maryland 4 - Sugar Land 3
BOTTOM OF THE 9TH
Sugar Land Skeeters batting - Pitching for Southern Maryland Blue Crabs : RHP Omar Green
Pinch Hitting: LHB Paul Adame 0-0: Foul Ball, location: 2F
0-1: Ball
1-1: Ball
2-1: Foul Ball, location: 2F
2-2: Foul Ball, location: 2F
2-2: Foul Ball, location: 2F
2-2: Ground out 4-3 (Groundball, 4, EV 89.4 MPH)
Batting: RHB Edgar Candelaria 0-0: Ball
1-0: Called Strike
1-1: Ground out 6-3 (Groundball, 56S, EV 93.1 MPH)
Batting: LHB Scott Beckham 0-0: Called Strike
0-1: Ball
1-1: Ball
2-1: SINGLE (Line Drive, 9LM, EV 93.8 MPH)
Batting: RHB Carlos Martinez 0-0: Foul Ball, location: 2F
0-1: Fielders Choice at 2nd, 6-4 (Groundball, 6, EV 84.4 MPH)
Bottom of the 9th over - 0 runs, 1 hit, 0 errors, 1 left on base; Southern Maryland 4 - Sugar Land 3
Saturday, October 23rd , 2021 - OOTP Baseball 22.10 Build 79